 Dungeon Crawl Stone Soup version 0.29-a0-23-ga79f92ac9c (webtiles) character file.

Game seed: 16120097657410404521

356 bande the Covered (level 6, 0/39 HPs)
             Began as a Gargoyle Fighter on Jan 30, 2022.
             Slain by a killer bee (3 damage)
             ... on level 4 of the Dungeon.
             The game lasted 00:06:11 (4450 turns).

bande the Covered (Gargoyle Fighter)                Turns: 4450, Time: 00:06:11

Health: 0/39       AC: 12    Str: 20    XL:     6   Next: 63%
Magic:  6/6        EV:  9    Int:  8    God:
Gold:   137        SH:  4    Dex: 11    Spells: 5/5 levels left

rFire   . . .      SeeInvis +   a - +0 war axe
rCold   . . .      Faith    .   c - +0 buckler
rNeg    + . .      Spirit   .   b - +0 scale mail
rPois   ∞          Reflect  .   j - +0 helmet
rElec   +          Harm     .   (no cloak)
rCorr   +          Rampage  .   (no gloves)
Will    .....                   (no boots)
Stlth   ..........              (no amulet)
HPRegen 0.13/turn               h - ring of see invisible
MPRegen 0.10/turn               k - ring of resist corrosion

@: no status effects
A: sickness immunity, AC +4, negative energy resistance 1, electricity
resistance, torment resistance 1, petrification resistance
a: no special abilities


You were on level 4 of the Dungeon.
You visited 1 branch of the dungeon, and saw 4 of its levels.

You collected 137 gold pieces.

Inventory:

Hand Weapons
 a - a +0 war axe (weapon)
Armour
 b - a +0 scale mail (worn)
 c - a +0 buckler (worn)
 j - a +0 helmet (worn)
Jewellery
 h - a ring of see invisible (left hand)
 k - a ring of resist corrosion (right hand)
Scrolls
 m - 2 scrolls of amnesia
Potions
 d - 2 potions of heal wounds {unknown}
 e - a potion of magic {unknown}
 f - 2 potions of berserk rage
 i - 2 potions of curing {unknown}
 l - a potion of haste {unknown}


   Skills:
 + Level 4.4 Fighting
 + Level 4.3 Axes
 + Level 4.9 Armour
 + Level 4.0 Shields


You had 5 spell levels left.
You didn't know any spells.
Your spell library contained the following spells:

 Spells                   Type           Power      Damage    Failure   Level
 Foxfire                  Conj/Fire      0%         2x1d4     83%         1
 Conjure Flame            Conj/Fire      0%         6-21      99%         3
 Inner Flame              Hex/Fire       0%         N/A       99%         3
 Flame Wave               Conj/Fire      0%         2d4       100%        4


Dungeon Overview and Level Annotations

Branches:
Dungeon (4/15)
 Temple: D:4-7

Altars:
Fedhas

Shops:
D:2 =

Annotations:
D:3 exclusion: oklob plant


Innate Abilities, Weirdness & Mutations

You are immune to sickness and miasma.
Your stone body is resilient. (AC +4)
You are immune to poison.
You resist negative energy. (rN+)
You are resistant to electric shocks. (rElec)
You are resistant to unholy torment.
You are immune to petrification.


Message History

You kill the killer bee!
The killer bee stings you but does no damage.
You slash the killer bee!
The killer bee is heavily wounded.
The killer bee stings you!
* * * LOW HITPOINT WARNING * * *
You block the killer bee's attack. x2
You miss the killer bee.
The killer bee is heavily wounded.
The killer bee stings you.
* * * LOW HITPOINT WARNING * * *
The killer bee barely misses you. The killer bee completely misses you.
You closely miss the killer bee.
The killer bee is heavily wounded.
The killer bee closely misses you. The killer bee stings you.
* * * LOW HITPOINT WARNING * * *
The killer bee closely misses you.
You closely miss the killer bee.
The killer bee is heavily wounded.
The killer bee closely misses you. x2
You miss the killer bee.
The killer bee is heavily wounded.
The killer bee barely misses you.
The killer bee stings you but does no damage.
The killer bee barely misses you.
You hit the killer bee.
The killer bee is almost dead.
The killer bee closely misses you.
The killer bee stings you but does no damage.
You block the killer bee's attack.
You barely miss the killer bee.
The killer bee is almost dead.
The killer bee stings you but does no damage.
The killer bee closely misses you.
You closely miss the killer bee.
The killer bee is almost dead.
The killer bee stings you.
* * * LOW HITPOINT WARNING * * *
The killer bee stings you.
You die...

... ##.. #..# #..# #
#..#####+####
###.#.######..##§≈≈.≈≈≈#
#.....y@...#..##≈..#..§#
#.#.#.####.#..##≈.#.#.≈#
#... #.#...+.#.#.#.'
#.#..#(#.###≈.#.#)≈#
#........(.#≈..#..≈#
####.#.#.###≈≈≈.≈≈≈#
..........####'####
####...#.......#
.......#......##


You could see a killer bee.

Vanquished Creatures
  An ogre (D:3)
  2 killer bees (D:4)
  An iguana (D:4)
  Natasha (thrice) (D:2)
  2 adders
  An ufetubus (D:4)
  An adder skeleton (D:4)
  2 worms (D:2)
  3 dart slugs
  An orc (D:4)
  A bat (D:1)
  3 endoplasms
  6 giant cockroaches (D:1)
  3 goblins
  3 hobgoblins
  5 kobolds
  4 quokkas
  5 ball pythons
  2 frilled lizards
  6 rats
55 creatures vanquished.

Notes
Turn   | Place    | Note
-------+----------+-------------------------------------------
     0 | D:1      | bande the Gargoyle Fighter began the quest for the Orb.
     0 | D:1      | Reached XP level 1. HP: 14/14 MP: 1/1
    79 | D:1      | Reached XP level 2. HP: 18/19 MP: 2/2
   532 | D:1      | Reached XP level 3. HP: 24/24 MP: 3/3
  1279 | D:2      | Found Egrytt's Jewellery Emporium.
  1686 | D:2      | Reached XP level 4. HP: 27/29 MP: 4/4
  1726 | D:2      | Noticed Natasha
  1731 | D:2      | Killed Natasha
  1940 | D:2      | Noticed Natasha
  1952 | D:2      | Killed Natasha
  2536 | D:2      | Noticed Natasha
  2545 | D:2      | Killed Natasha
  2546 | D:2      | Reached XP level 5. HP: 22/33 MP: 5/5
  3365 | D:3      | Noticed an ogre
  3387 | D:3      | Killed an ogre
  3388 | D:3      | Reached XP level 6. HP: 17/38 MP: 6/6
  3978 | D:3      | Found a blossoming altar of Fedhas.
  3999 | D:3      | Noticed an oklob plant
  4450 | D:4      | Slain by a killer bee

Illustrated notes

Levels and vault maps discovered:
D:1:      lordsloth_arrival_two_stooges, layout_basic, roderic_three_in_a_row
D:2:      layout_basic, serial_shops, nicolae_diamond_shop, minmay_ruptured,
          uniq_natasha
D:3:      layout_basic, tgw_fedhas
D:4:      layout_basic, mainiacjoe_overflow_alcove_2,
          nicolae_yredelemnul_corpse_copse, grunt_temple_overflow_bloody_war,
          serial_shops, shop, kennysheep_generic_room_10, uniq_pikel

Skill      XL: |  1  2  3  4  5  6 |
---------------+-------------------+-----
Axes           | 2 3 4 |  4.3
Fighting       | 4 |  4.4
Armour         | 4 |  4.9
Shields        | 4 |  4.0

Action                   |  1- 3 |  4- 6 || total
-------------------------+-------+-------++-------
Melee: War axe           |   118 |    83 ||   201
  Use: Scroll            |     3 |     3 ||     6
       Potion            |       |     1 ||     1
Armor: Scale mail        |    56 |    32 ||    88
Dodge: Dodged            |    63 |    50 ||   113
Block: Buckler           |    30 |    16 ||    46

Table legend: (Time is in decaauts)
 A = Elapsed time spent in this place.
 B = Non-inter-level travel time spent in this place.
 C = Inter-level travel time spent in this place.
 D = Time resting spent in this place.
 E = Time spent auto-exploring this place.
 F = Levels seen in this place.
 G = Mean time per level.
                   A        B        C        D        E       F      G
               +--------+--------+--------+--------+--------+-----+--------+
         Total |   4546 |   4468 |     78 |   1114 |   2409 |   4 | 1136.5 |
       Dungeon |   4546 |   4468 |     78 |   1114 |   2409 |   4 | 1136.5 |
               +--------+--------+--------+--------+--------+-----+--------+

Top non-repeatable levels by time:
     D:2: 2028 daAuts
     D:3: 1319 daAuts
     D:1: 891 daAuts
     D:4: 307 daAuts
